 Dungeon Crawl Stone Soup version 0.21-a0-525-ga34b322 (webtiles) character file.

62 slep the Chopper (level 3, 0/27 HPs)
             Began as a Demonspawn Gladiator on Dec 8, 2017.
             Slain by a scorpion (3 damage)
             ... on level 3 of the Dungeon.
             The game lasted 00:04:22 (1285 turns).

slep the Chopper (Demonspawn Gladiator)             Turns: 1285, Time: 00:04:23

Health: 0/27       AC:  4    Str: 15    XL:     3   Next: 85%
Magic:  3/3        EV: 13    Int:  9    God:
Gold:   115        SH:  4    Dex: 14    Spells: 2/2 levels left

rFire    . . .     SeeInvis .   a - +0 war axe
rCold    . . .     Gourm    .   (no shield)
rNeg     . . .     Faith    .   b - +0 leather armour
rPois    +         Spirit   .   c - +0 helmet
rElec    .         Reflect  .   (no cloak)
rCorr    .         Harm     .   (no gloves)
MR       .....     Rnd*Tele +   (no boots)
Stlth    +.........             (no amulet)
HPRegen  0.09/turn              o - ring of poison resistance
MPRegen  0.08/turn              i - ring of teleportation (curse)

@: no status effects
A: large bone plates 1, powered by death 1
a: no special abilities


You were on level 3 of the Dungeon.
You were not hungry.

You visited 1 branch of the dungeon, and saw 3 of its levels.

You collected 115 gold pieces.

Inventory:

Hand Weapons
 a - a +0 war axe (weapon)
Missiles
 d - 3 throwing nets (quivered)
Armour
 b - a +0 leather armour (worn)
 c - a +0 helmet (worn)
Jewellery
 e - an uncursed ring of fire
 i - a cursed ring of teleportation (right hand)
 l - a +2 ring of dexterity
 o - a ring of poison resistance (left hand)
Scrolls
 j - 4 scrolls of remove curse {unknown}
 n - 2 scrolls of teleportation {unknown}
 r - a scroll of identify {unknown}
 t - a scroll of amnesia {unknown}
Potions
 g - a potion of brilliance {unknown}
 k - a potion of haste {unknown}
 m - a potion of berserk rage {unknown}
 p - a potion of might {unknown}
 s - a potion of degeneration {unknown}
Comestibles
 f - a bread ration
 h - 2 royal jellies
 q - a meat ration
 u - a chunk of flesh


   Skills:
 + Level 2.2 Fighting
 + Level 3.7 Axes
 + Level 1.8 Throwing
 + Level 0.5 Armour
 + Level 3.2 Dodging


You had 2 spell levels left.
You didn't know any spells.

Dungeon Overview and Level Annotations

Branches:
Dungeon (3/15)

Altars:


Innate Abilities, Weirdness & Mutations

You are partially covered in large bone plates. (SH +4)
You regenerate a little health from kills.


Message History

The scorpion is moderately wounded.
You block the scorpion's attack.
You closely miss the scorpion.
The scorpion is moderately wounded.
The scorpion closely misses you.
You closely miss the scorpion.
The scorpion is moderately wounded.
The scorpion barely misses you.
You hit the scorpion but do no damage.
The scorpion is moderately wounded.
The scorpion stings you!
* * * LOW HITPOINT WARNING * * *
The scorpion stings you but does no damage.
You barely miss the scorpion.
The scorpion is moderately wounded.
You block the scorpion's attack.
You closely miss the scorpion.
The scorpion is moderately wounded.
The scorpion stings you.
You die...

#.....##.##...######
#...............$...
#..........<..#####.
##.............####.
##.##..............
#.##.........#####
######.###..##
##8s8##.###..#####
##..<@.##.........#
#.......####..###.#
#...###...###..#
#8.8 ##8.8##..# ##.
##.###..# #
#.#....##...
#..†.†)...#
#.........##...#
#...####..### .##


You could see a scorpion.

Vanquished Creatures
  An adder (D:2)
  A worm (D:2)
  3 leopard geckos
  2 giant cockroaches
  5 goblins
  7 hobgoblins
  2 jackals (D:1)
  A quokka (D:2)
  A ball python (D:2)
  4 bats
  5 frilled lizards
  9 kobolds
  7 rats
48 creatures vanquished.

Notes
Turn   | Place    | Note
-------+----------+-------------------------------------------
     0 | D:1      | slep the Demonspawn Gladiator began the quest for the Orb.
     0 | D:1      | Reached XP level 1. HP: 16/16 MP: 1/1
   139 | D:1      | Gained mutation: You are partially covered in large bone plates. (SH +4) [demonic ancestry]
   139 | D:1      | Reached XP level 2. HP: 19/22 MP: 2/2
   351 | D:1      | Gained mutation: You regenerate a little health from kills. [demonic ancestry]
   351 | D:1      | Reached XP level 3. HP: 23/27 MP: 3/3
  1271 | D:3      | Noticed a scorpion
  1285 | D:3      | Slain by a scorpion

Vault maps used:
D:1:      lightli_arrival_quake, nrook_loot_triangle
D:3:      grunt_ministairs_8, minmay_surrounded, uniq_purgy

Skill      XL: |  1  2 |
---------------+-------+-----
Dodging        | 3 |  3.2
Axes           | 3 |  3.7
Fighting       | |  2.2
Throwing       | |  1.8
Armour         | |  0.5

Action                   || total
-------------------------++-------
Melee: War axe           ||   130
  Eat: Chunk             ||     1
Armor: Leather armour    ||    34
Dodge: Dodged            ||    88
Block: Other             ||    22

Table legend:
 A = Spawn XP
 B = Non-spawn XP
 C = Spawn XP percentage of total XP
 D = Spawn monster count
 E = Non-spawn monster count
 F = Spawn count percentage of total count
 G = Total turns spent on level
                    A         B        C        D         E        F      G
               +---------+---------+-------+---------+---------+-------+---------
         Total |       0 |      89 |   0.0 |       0 |      48 |   0.0 |  1285
               +---------+---------+-------+---------+---------+-------+---------
           D:1 |       0 |      45 |   0.0 |       0 |      28 |   0.0 |   483
           D:2 |       0 |      39 |   0.0 |       0 |      17 |   0.0 |   745
           D:3 |       0 |       5 |   0.0 |       0 |       3 |   0.0 |    57
               +---------+---------+-------+---------+---------+-------+---------
